 Dungeon Crawl Stone Soup version 0.27.1-1-g398f81649c (webtiles) character file.

Game seed: 3098118734441279778

0 pokedragonboy the Vexing (level 1, -2/7 HPs)
             Began as a Felid Enchanter on Sept 12, 2021.
             Killed from afar by a dart slug (3 damage)
             ... with a slug dart
             ... on level 1 of the Dungeon.
             The game lasted 00:00:54 (56 turns).

pokedragonboy the Vexing (Felid Enchanter)            Turns: 56, Time: 00:00:54

Health: -2/7       AC:  1    Str:  4    XL:     1   Next: 8%
Magic:  4/4        EV: 14    Int: 16    God:
Gold:   0          SH:  0    Dex: 16    Spells: 3/4 levels left
                                        Lives:  0   Deaths: 0

rFire    . . .     SeeInvis +     - Unarmed
rCold    . . .     Faith    .   (shield unavailable)
rNeg     . . .     Spirit   .   (armour unavailable)
rPois    .         Reflect  .   (helmet unavailable)
rElec    .         Harm     .   (cloak unavailable)
rCorr    .         Rampage  .   (gloves unavailable)
Will     .....                  (boots unavailable)
Stlth    +++.......             (no amulet)
HPRegen  0.02/turn              (no ring)
MPRegen  0.09/turn              (no ring)

@: constricted, quick
A: very small, claws 1, fangs 3, see invisible, speed 1, shaggy fur 1, stealthy
paws, no weapons or thrown items, no armour, multi-lived
a: no special abilities


You were on level 1 of the Dungeon.
You visited 1 branch of the dungeon, and saw 1 of its levels.

You aren't carrying anything.


   Skills:
 - Level 2.6 Dodging
 * Level 4.0 Stealth
 + Level 1.0 Unarmed Combat
 + Level 2.0 Spellcasting
 + Level 4.4 Hexes


You had 3 spell levels left.
You knew the following spells:

 Your Spells              Type           Power      Damage    Failure   Level
a - Corona                Hex            16%        N/A       3%          1

Your spell library contained the following spells:

 Spells                   Type           Power      Damage    Failure   Level
 Confusing Touch          Hex            15%        N/A       10%         3
 Tukima's Dance           Hex            15%        N/A       10%         3
 Ensorcelled Hibernation  Hex/Ice        16%        N/A       13%         2
 Dazzling Flash           Conj/Hex       16%        N/A       26%         3


Dungeon Overview and Level Annotations

Branches:
Dungeon (1/15)

Altars:


Innate Abilities, Weirdness & Mutations

You have sharp claws.
You have razor-sharp teeth.
You have supernaturally acute eyesight. (SInv)
You cover ground quickly. (Speed+)
You are covered in fur. (AC +1)
Your paws help you pounce on unaware monsters.
You are incapable of wielding weapons or throwing items.
You cannot wear armour.
You gain extra lives every three experience levels.


Message History

Press ? for a list of commands and other information.
Found two stairs.
Okay, then.
There is a stone staircase leading down here.
You open the door.
There is an open door here.
Found 18 stones.
A rat comes into view.
You closely miss the rat. The rat closely misses you.
You scratch the rat.
You kill the rat!
Found a short sword and 8 gold pieces.
A dart slug comes into view.
Found a book of Debilitation.
You enter the shallow water.
Moving in this stuff is going to be slow.
A ball python comes into view.
You see here 8 gold pieces.
You scratch the dart slug.
The dart slug is heavily wounded.
The ball python hisses angrily.
The dart slug barely misses you.
You scratch the dart slug but do no damage.
The dart slug is heavily wounded.
The dart slug closely misses you.
You scratch the dart slug but do no damage.
The dart slug is heavily wounded.
The ball python completely misses you. The ball python grabs you.
The ball python constricts you. The dart slug bites you.
You scratch the dart slug but do no damage.
The dart slug is heavily wounded.
The ball python bites you. The ball python constricts you.
* * * LOW HITPOINT WARNING * * *
You barely miss the dart slug.
The dart slug is heavily wounded.
The ball python barely misses you. The ball python constricts you.
* * * LOW HITPOINT WARNING * * *
The dart slug launches a dart at you. The slug dart hits you.
You die...

### ... ###.###
############## #.....#
#............###.#.#.###
#.#.........≈≈..)..:....
#.#..≈.....≈≈≈..@S.#.##
#.#.≈≈≈≈..≈≈≈≈≈..w...#
...≈≈≈≈≈.≈≈≈≈≈≈....###
#..≈≈≈≈≈≈≈≈≈≈≈≈...##
#...≈≈≈≈≈≈≈≈≈≈≈.....
#....≈≈≈§≈§≈≈≈..≈.###
#.....≈≈§§§§≈≈....#
###....≈§§§≈≈≈....#
#.....≈≈≈


You could see a dart slug and a ball python.

Vanquished Creatures
  A rat (D:1)
1 creature vanquished.

Notes
Turn   | Place    | Note
-------+----------+-------------------------------------------
     0 | D:1      | pokedragonboy the Felid Enchanter began the quest for the
                  | Orb.
     0 | D:1      | Reached XP level 1. HP: 7/7 MP: 4/4
    56 | D:1      | Killed from afar by a dart slug

Illustrated notes

Levels and vault maps discovered:
D:1:      dpeg_arrival_pits, layout_loops_ring, shapermc_ecumenical_altar_petra,
          lemuel_old_faithful

Action                   || total
-------------------------++-------
Melee: Unarmed           ||     7
Dodge: Dodged            ||     5
